 Dungeon Crawl Stone Soup version 0.23.2-33-g5129a83184 (webtiles) character file.

Game seed: 8569432304136751133

15175 Blejac999 the Marksspriggan (level 11, -1/58 HPs)
             Began as a Spriggan Hunter on Aug 4, 2019.
             Was a High Priest of Okawaru.
             Slain by a four-headed hydra (12 damage)
             ... on level 2 of the Lair of Beasts.
             The game lasted 01:04:57 (16919 turns).

Blejac999 the Marksspriggan (Spriggan Hunter)      Turns: 16919, Time: 01:04:58

Health: -1/58      AC:  8    Str:  8    XL:     11   Next: 98%
Magic:  16/17      EV: 23    Int: 12    God:    Okawaru [*****.]
Gold:   561        SH:  0    Dex: 21    Spells: 15/17 levels left

rFire    . . .     SeeInvis +   b - +2 dagger (flame)
rCold    + . .     Gourm    .   (shield restricted)
rNeg     . . .     Faith    .   c - +0 robe
rPois    .         Spirit   .   i - +1 hat
rElec    .         Reflect  .   A - scarf {cloud immunity}
rCorr    .         Harm     .   (gloves unavailable)
MR       +....                  (boots unavailable)
Stlth    ++++......             (no amulet)
HPRegen  0.19/turn              q - +5 ring of protection
MPRegen  0.15/turn              F - ring of protection from cold

@: confusing touch, studying Shields, very quick
A: very small, unfitting armour, see invisible, blink, herbivore, speed 3, slow
metabolism 2
a: Blink, Heroism, Finesse, Renounce Religion


You were on level 2 of the Lair of Beasts.
You worshipped Okawaru.
Okawaru was extremely pleased with you.
You were not hungry.

You visited 3 branches of the dungeon, and saw 14 of its levels.
You also visited: Ossuary.

You collected 950 gold pieces.
You spent 389 gold pieces at shops.

Inventory:

Hand Weapons
 a - a +2 shortbow of venom
 b - a +2 dagger of flaming (weapon)
Missiles
 d - 81 arrows
Armour
 c - a +0 robe (worn)
 i - a +1 hat (worn)
 A - a scarf of cloud immunity (worn)
Jewellery
 q - a +5 ring of protection (left hand)
 F - a ring of protection from cold (right hand)
Wands
 k - a wand of disintegration (21)
 l - a wand of digging (8)
 n - a wand of flame (32)
 r - a wand of scattershot (4)
 s - a wand of paralysis (10)
Scrolls
 e - 16 scrolls of identify
 g - 12 scrolls of teleportation
 h - 9 scrolls of remove curse
 p - 3 scrolls of magic mapping
 y - a scroll of fear
 C - a scroll of amnesia
 D - a scroll of enchant weapon
 G - a scroll of blinking
Potions
 j - 2 potions of flight
 m - 8 potions of curing
 t - 3 potions of brilliance
 u - 2 potions of agility
 v - a potion of berserk rage
 w - 2 potions of invisibility {unknown}
 x - 2 potions of heal wounds
 z - a potion of mutation {unknown}
 B - a potion of might
 E - a potion of cancellation
Books
 o - a manual of Shields
Miscellaneous
 H - a box of beasts
Comestibles
 f - 25 rations


   Skills:
 + Level 7.4 Fighting
 + Level 4.3 Short Blades
 * Level 17.2 Bows
 + Level 0.1 Throwing
 + Level 6.7 Dodging
 + Level 8.0 Stealth
 + Level 3.9 Spellcasting
 + Level 2.6 Hexes
 + Level 0.9 Necromancy
 + Level 0.6 Invocations
 + Level 1.9 Evocations


You had 15 spell levels left.
You knew the following spells:

 Your Spells              Type           Power        Failure   Level  Hunger
a - Confusing Touch       Hex            #.....       8%          1    #......
c - Animate Skeleton      Necr           N/A          16%         1    #......

Your spell library contained the following spells:

 Spells                   Type           Power        Failure   Level  Hunger
 Apportation              Tloc           #.....       22%         1    #......
 Beastly Appendage        Tmut           #.....       22%         1    #......
 Shock                    Conj/Air       #...         22%         1    #......
 Summon Small Mammal      Summ           #...         22%         1    #......
 Sticks to Snakes         Tmut           #.......     34%         2    ##.....
 Swiftness                Chrm/Air       #.......     34%         2    ##.....
 Spider Form              Tmut/Pois      #.........   56%         3    ###....
 Static Discharge         Conj/Air       #.......     56%         3    ###....
 Airstrike                Air            #.........   92%         4    #####..
 Ice Form                 Ice/Tmut       #.......     92%         4    #####..
 Blade Hands              Tmut           #.........   99%         5    ######.
 Lightning Bolt           Conj/Air       #.........   99%         5    ######.


Dungeon Overview and Level Annotations

Branches:
Dungeon (11/15)            Temple (1/1) D:7            Lair (2/6) D:11
  Snake (0/4) Lair:2          Orc (0/2) D:11
  Swamp: Lair:2-4    Shoals: Lair:2-4

Altars:
Ashenzari
Cheibriados
Dithmenos
Elyvilon
Fedhas
Gozag
Hepliaklqana
Kikubaaqudgha
Makhleb
Nemelex Xobeh
Okawaru
Qazlal
Ru
Sif Muna
Trog
Uskayaw
Vehumet
Wu Jian
Xom
Yredelemnul
Zin
The Shining One

Shops:
D:6 *   D:8 !

Annotations:
D:9 3 runed translucent doors, PeSeC's ghost, novice MiFi
D:11 2 transporters


Innate Abilities, Weirdness & Mutations

You are very small and have problems with some larger weapons.
You are too small for most types of armour.
You have supernaturally acute eyesight. (SInv)
You are a herbivore.
You cover ground extremely quickly.
You need to consume almost no food.
You can translocate small distances at will.


Message History

Your hands begin to glow red.
The four-headed hydra bites you! The four-headed hydra misses you.
The four-headed hydra bites you! The four-headed hydra misses you.
Really attack while wielding your +2 shortbow of venom?
Okay, then.
Your +2 shortbow of venom stops dripping with poison.
Your +2 dagger of flaming bursts into flame!
b - a +2 dagger of flaming (weapon)
You hit the four-headed hydra but do no damage.
The four-headed hydra is severely wounded.
The four-headed hydra bites you! x2
* * * LOW HITPOINT WARNING * * *
The four-headed hydra bites you but does no damage.
The four-headed hydra closely misses you.
You hit the four-headed hydra but do no damage.
The four-headed hydra is severely wounded.
The four-headed hydra misses you.
The four-headed hydra completely misses you.
The four-headed hydra bites you!
You die...

### ####### #####.#####
###.##..###.#....#..###..
................@D((.....
....................((((.
.......................(.
.........................
####....##...............
## #######...............
.# ##............... .#
#.#.#.##P###.###. ##
####....#


You could see a four-headed hydra.

Vanquished Creatures
  Harold (D:7)
  An unseen horror (D:10)
  An elephant (D:11)
  An ugly thing (D:10)
  Maurice (D:9)
  3 black mambas
  Joseph (D:9)
  A centaur zombie (D:11)
  A gargoyle (D:11)
  2 komodo dragons (Lair:1)
  3 kobold demonologists
  4 hippogriffs
  A wraith (D:11)
  10 yaks
  3 basilisks
  7 water moccasins
  A porcupine (Lair:1)
  Duvessa (D:4)
  2 ice beasts
  2 phantoms
  3 black bears
  2 necrophages (D:11)
  6 orc warriors
  2 sky beasts
  6 ogres
  3 centaurs
  A crocodile (Lair:1)
  11 bullfrogs
  2 big kobolds
  A gnoll sergeant (D:7)
  Dowan (D:4)
  A water moccasin skeleton (D:5)
  3 killer bees (D:10)
  3 electric eels
  6 howler monkeys
  5 crimson imps
  2 jellies
  A bullfrog zombie (D:11)
  A bullfrog skeleton (D:6)
  2 centaur skeletons
  9 orc priests
  4 hounds
  2 human skeletons (D:11)
  5 human zombies (D:11)
  2 iguanas (D:4)
  10 orc wizards
  6 worker ants
  4 mummies
  23 gnolls
  A howler monkey skeleton (D:4)
  19 adders
  A shadow imp (D:5)
  3 adder zombies
  2 oozes
  5 worms
  2 adder skeletons
  3 dart slugs
  11 leopard geckos
  57 orcs
  11 bats
  7 giant cockroaches
  10 goblins
  10 hobgoblins
  8 jackals
  2 quokkas
  4 ball pythons
  9 frilled lizards
  6 goblin zombies (Ossuary)
  3 hobgoblin zombies (Ossuary)
  11 kobolds
  A kobold zombie (Ossuary)
  2 orc zombies
  5 quokka zombies (Ossuary)
  7 rats
  2 rat zombies (D:7)
  A plant (Lair:2)
377 creatures vanquished.

Notes
Turn   | Place    | Note
-------+----------+-------------------------------------------
     0 | D:1      | Blejac999 the Spriggan Hunter began the quest for the Orb.
     0 | D:1      | Reached XP level 1. HP: 10/10 MP: 2/2
    30 | D:1      | Reached skill level 5 in Bows
   138 | D:1      | Reached XP level 2. HP: 14/14 MP: 3/3
   483 | D:1      | Reached skill level 6 in Bows
   483 | D:1      | Reached XP level 3. HP: 18/18 MP: 4/4
  1362 | D:2      | Reached XP level 4. HP: 23/23 MP: 5/5
  1376 | D:2      | Reached skill level 7 in Bows
  1891 | D:3      | Reached XP level 5. HP: 26/26 MP: 6/6
  2055 | D:3      | Reached skill level 1 in Short Blades
  2186 | D:3      | Noticed a phantom
  2193 | D:3      | Killed a phantom
  2193 | D:3      | Reached skill level 8 in Bows
  2953 | D:3      | Reached XP level 6. HP: 30/30 MP: 7/7
  3548 | D:4      | Noticed Duvessa
  3554 | D:4      | Noticed Dowan
  3595 | D:4      | Killed Duvessa
  3595 | D:4      | Reached skill level 9 in Bows
  3716 | D:4      | Reached XP level 7. HP: 35/35 MP: 8/8
  3823 | D:4      | Found a blossoming altar of Fedhas.
  3879 | D:4      | Killed Dowan
  3989 | D:4      | Learned a level 1 spell: Confusing Touch
  4012 | D:4      | Reached skill level 10 in Bows
  4337 | D:5      | Entered Level 5 of the Dungeon
  4994 | D:5      | Reached XP level 8. HP: 39/39 MP: 9/9
  5116 | D:5      | Reached skill level 11 in Bows
  5946 | D:4      | Reached skill level 1 in Hexes
  6131 | D:5      | Found a snail-covered altar of Cheibriados.
  7277 | D:6      | Reached skill level 12 in Bows
  7489 | D:6      | Found a hazy altar of Hepliaklqana.
  7628 | D:6      | Found a stormy altar of Qazlal.
  7628 | D:6      | Found a glowing silver altar of Zin.
  7629 | D:6      | Found a white marble altar of Elyvilon.
  7645 | D:6      | Found Ifrogun's Assorted Antiques.
  7656 | D:6      | Bought a scroll of teleportation for 66 gold pieces
  7656 | D:6      | Bought a wand of disintegration (9) for 88 gold pieces
  7656 | D:6      | Bought a potion of curing for 66 gold pieces
  7658 | D:6      | Found a radiant altar of Vehumet.
  8106 | D:7      | Found a staircase to the Ecumenical Temple.
  8125 | Temple   | Entered the Ecumenical Temple
  8237 | Temple   | Became a worshipper of Warmaster Okawaru
  8366 | D:7      | Noticed Harold
  8410 | D:7      | Killed Harold
  8410 | D:7      | Reached * piety under Okawaru
  8410 | D:7      | Reached skill level 13 in Bows
  8410 | D:7      | Reached XP level 9. HP: 34/45 MP: 11/11
  8708 | D:7      | Found a sand-covered staircase.
  8715 | Ossuary  | Entered an ossuary
  9182 | D:8      | Reached skill level 14 in Bows
  9273 | D:8      | Found Utuif's Distillery.
  9283 | D:8      | Learned a level 2 spell: Swiftness
  9383 | D:8      | Bought a potion of heal wounds for 65 gold pieces
  9383 | D:8      | Bought a potion of heal wounds for 65 gold pieces
  9383 | D:8      | Bought a potion of curing for 39 gold pieces
  9531 | D:8      | Found a blossoming altar of Fedhas.
  9557 | D:8      | Reached ** piety under Okawaru
  9557 | D:8      | Reached skill level 1 in Spellcasting
  9759 | D:9      | Found a glowing golden altar of the Shining One.
  9768 | D:9      | Found a shadowy altar of Dithmenos.
  9918 | D:9      | Noticed Maurice
  9931 | D:9      | Killed Maurice
  9931 | D:9      | Reached skill level 5 in Fighting
  9931 | D:9      | Reached XP level 10. HP: 43/51 MP: 13/13
  9946 | D:9      | Reached skill level 15 in Bows
 10091 | D:9      | Found a sacrificial altar of Ru.
 10191 | D:9      | Reached *** piety under Okawaru
 10267 | D:9      | Noticed PeSeC's ghost (novice MiFi)
 10275 | D:9      | Found a runed translucent gate.
 10275 | D:9      | Found a runed translucent gate.
 10275 | D:9      | Found a runed translucent gate.
 10276 | D:9      | Noticed Joseph
 10310 | D:9      | Killed Joseph
 10695 | D:10     | Entered Level 10 of the Dungeon
 11234 | D:10     | Found an iron altar of Okawaru.
 11346 | D:10     | Reached skill level 16 in Bows
 11466 | D:10     | Noticed an unseen horror
 11484 | D:10     | Killed an unseen horror
 11484 | D:10     | Reached **** piety under Okawaru
 11946 | D:10     | Received a gift from Okawaru
 12661 | D:10     | Reached skill level 5 in Dodging
 12927 | D:11     | Reached XP level 11. HP: 58/58 MP: 15/15
 13116 | D:11     | Found a staircase to the Orcish Mines.
 13200 | D:11     | Found a transporter.
 13205 | D:11     | Noticed a cyan ugly thing
 13214 | D:11     | Learned a level 1 spell: Animate Skeleton
 13271 | D:10     | Killed a cyan ugly thing
 13422 | D:11     | Found a staircase to the Lair.
 13564 | D:11     | Found a transporter.
 13576 | D:11     | Noticed an orc high priest
 13576 | D:11     | Noticed an orc high priest
 13895 | D:11     | Identified the +6 great mace "Ytruawk" {venom, rC+}
 14150 | D:11     | Reached skill level 1 in Evocations
 14275 | D:11     | Received a gift from Okawaru
 14392 | D:11     | Reached ***** piety under Okawaru
 14392 | D:11     | Reached skill level 5 in Stealth
 14842 | D:11     | Gained mutation: You can translocate small distances at
                  | will. [a neqoxec]
 14877 | D:11     | Received a gift from Okawaru
 15147 | D:11     | Found a basalt altar of Yredelemnul.
 15369 | Lair:1   | Entered Level 1 of the Lair of Beasts
 15395 | Lair:1   | Reached skill level 17 in Bows
 15893 | Lair:1   | Received a gift from Okawaru
 16549 | Lair:2   | Received a gift from Okawaru
 16668 | Lair:2   | Found a staircase to the Snake Pit.
 16904 | Lair:2   | Noticed a four-headed hydra
 16919 | Lair:2   | Slain by a four-headed hydra

Skill      XL: |  1  2  3  4  5  6  7  8  9 10 11 |
---------------+----------------------------------+-----
Bows           | 5 6 7 8 9 10 13 14 16 17 | 17.2
Stealth        | 2 3 4 8 |  8.0
Short Blades   | 1 4 |  4.3
Fighting       | 2 4 5 6 7 |  7.4
Hexes          | 1 2 |  2.6
Dodging        | 4 5 6 |  6.7
Spellcasting   | 1 2 3 |  3.9
Evocations     | 1 |  1.9
Throwing       | |  0.1
Necromancy     | |  0.9
Invocations    | |  0.6

Action                   |  1- 3 |  4- 6 |  7- 9 | 10-12 || total
-------------------------+-------+-------+-------+-------++-------
Melee: Short sword       |    31 |    39 |    34 |    13 ||   117
       Shortbow          |       |       |     8 |     4 ||    12
       Dagger            |       |       |       |   328 ||   328
 Fire: Shortbow          |    89 |   185 |   603 |   565 ||  1442
Throw: Throwing net      |       |       |     2 |       ||     2
 Cast: Confusing Touch   |       |       |    11 |    27 ||    38
       Animate Skeleton  |       |       |       |    13 ||    13
Invok: Heroism           |       |       |       |     1 ||     1
Evoke: Wand              |       |     5 |     5 |    15 ||    25
  Use: Scroll            |     2 |     3 |     6 |     5 ||    16
       Potion            |     5 |     3 |     6 |       ||    14
 Stab: Confused          |       |       |     3 |    23 ||    26
       Sleeping          |       |       |     1 |    10 ||    11
       Paralysed         |       |       |       |     3 ||     3
  Eat: Ration            |       |       |     3 |     4 ||     7
Armor: Robe              |     1 |     4 |     8 |    54 ||    67
       Skin              |       |     4 |     1 |       ||     5
Dodge: Dodged            |    30 |    48 |   152 |   321 ||   551
